 Dungeon Crawl Stone Soup version 0.15.0-18-g9076a4f (webtiles) character file.

20 Kex the Ruffian (level 2, -3/23 HPs)
             Began as a Draconian Transmuter on Sept 7, 2014.
             Slain by a kobold
             ... wielding a +1 whip of electrocution
              (18 damage)
             ... on Level 1 of the Dungeon.
             The game lasted 00:01:36 (848 turns).

Kex the Ruffian (Draconian Transmuter)               Turns: 848, Time: 00:01:45

HP  -3/23        AC  4     Str 12      XL: 2   Next: 58%
MP   3/4         EV 12     Int 13      God:
Gold 6           SH  0     Dex 11      Spells:  1 memorised,  4 levels left

rFire  . . .     SeeInvis .       - Unarmed
rCold  . . .     Clarity  .     (armour unavailable)
rNeg   . . .     rCorr    .     (no shield)
rPois  .         rRot     .     (helmet restricted)
rElec  .         Spirit   .     (no cloak)
SustAb .         Warding  .     (no gloves)
rMut   .         Stasis   .     (boots unavailable)
Gourm  .                        (no amulet)
MR     .....                    (no ring)
                                (no ring)

@: appendage, not resistant to hostile enchantments, very unstealthy
A: unfitting armour, talons 3, cold-blooded, AC +4
a: End Transformation


You were on level 1 of the Dungeon.
You were not hungry.
You had grown temporary talons.
You visited 1 branch of the dungeon, and saw 1 of its levels.

You collected 6 gold pieces.

Inventory:

Missiles
 b - 12 arrows
Comestibles
 a - a bread ration
Scrolls
 e - a scroll of immolation {unknown}
 g - a scroll of random uselessness {unknown}
 h - 3 scrolls of blinking {unknown}
 k - a scroll of identify {unknown}
 l - a scroll of recharging {unknown}
 m - a scroll of fear {unknown}
Potions
 c - a potion of agility {unknown}
 f - a potion of magic {unknown}
 i - 2 potions of heal wounds {unknown}
 j - a potion of invisibility {unknown}
Books
 d - a book of Changes

   Spells                             Type                      Level
   *Beastly Appendage                 Transmutation                1
   Sticks to Snakes                   Transmutation                2
   Spider Form                        Transmutation/Poison         3
   Ice Form                           Ice/Transmutation            4
   Blade Hands                        Transmutation                5


   Skills:
 + Level 1.1 Fighting
 + Level 2.1 Dodging
 + Level 3.5 Unarmed Combat
 + Level 2.1 Spellcasting
 + Level 2.2 Transmutations


You had 4 spell levels left.
You knew the following spells:

 Your Spells              Type           Power        Failure   Level  Hunger
a - Beastly Appendage     Trmt           #.....       12%         1    ##.....


Dungeon Overview and Level Annotations

Branches:
Dungeon (1/15)

Altars:


Innate Abilities, Weirdness & Mutations

Your plain brown scales are hard (AC +4).
Your body does not fit into most forms of armour.
Your cold-blooded metabolism reacts poorly to cold.
You have claws for feet.


Message History

The giant gecko barely misses you.
You barely miss the giant gecko. Your kick misses the giant gecko.
The giant gecko closely misses you.
You hit the giant gecko.
The giant gecko is moderately wounded.
The giant gecko bites you but does no damage.
You hit the giant gecko. Your kick misses the giant gecko.
You tail-slap the giant gecko.
You kill the giant gecko!
The kobold barely misses you.
You hit the kobold but do no damage.
The kobold hits you with a glowing whip.
A goblin comes into view. It is wielding a dagger.
You hit the kobold. Your kick misses the kobold.
You tail-slap the kobold, but do no damage.
The kobold is moderately wounded.
The kobold hits you with a glowing whip.
You are electrocuted!
Ouch! That really hurt!
You die...

...........#..<..##.......#######
##........########......#.# #
##.#.....## ..##....##.# #
#.##...## #g###.#.##.# # #.###..#
#.# #.#.##.# # #.# #..# #(#
#...##.# # #.# #..## #.# #...##.#
# #.# #...# #%# #...##.# # #.#
#.).#######@###...# .
#.###...........K.....#
#...............####..#
#.....................#
###.........##########.#
....#....#.## #.#
###......#.###########.#
####...#.............#
###################


You could see a goblin and a kobold.

Vanquished Creatures
  A gnoll (D:1)
  A giant cockroach (D:1)
  3 goblins (D:1)
  2 bats (D:1)
  A giant gecko (D:1)
  3 kobolds (D:1)
11 creatures vanquished.

Notes
Turn   | Place    | Note
--------------------------------------------------------------
     0 | D:1      | Kex, the Draconian Transmuter, began the quest for the Orb.
     0 | D:1      | Reached XP level 1. HP: 16/16 MP: 3/3
    73 | D:1      | Reached XP level 2. HP: 5/23 MP: 2/4
   848 | D:1      | Slain by a kobold

Action                   || total
-------------------------++-------
Melee: Unarmed           ||    35
       Whip              ||    10
 Cast: Beastly Appendage ||    10
